 Dungeon Crawl Stone Soup version 0.31-a0-277-g31ea1f65cc (webtiles) character file.

Game seed: 8279490541459124409

91 Gelion the Changeling (level 4, 0/34 HPs)
             Began as a Demonspawn Shapeshifter on July 15, 2023.
             Slain by Terence
             ... wielding a +0 mace
              (9 damage)
             ... on level 3 of the Dungeon.
             The game lasted 00:05:18 (1738 turns).

Gelion the Changeling (Demonspawn Shapeshifter)     Turns: 1738, Time: 00:05:19

Health: 0/34       AC:  2    Str: 18    XL:     4   Next: 33%
Magic:  4/4        EV: 12    Int:  9    God:
Gold:   90         SH:  0    Dex: 13    Spells: 3/3 levels left

rFire   . .          .
                       - Unarmed
rCold   . . .        (no shield)
rNeg    + . .        a - +0 animal skin
rPois   .            (helmet currently unavailable)
rElec   .            (cloak currently unavailable)
rCorr   .            (gloves currently unavailable)
SInv    .            (boots currently unavailable)
Will    .....        (no amulet)
Stlth   +            j - ring of positive energy
HPRegen 0.25/turn    (no ring)
MPRegen 0.09/turn

%: no passive effects
@: beast-form
A: beast (slay +2), powered by pain 1
a: Begin Untransformation


You were on level 3 of the Dungeon.
You were a hulking beast.
You visited 1 branch of the dungeon, and saw 3 of its levels.

You collected 90 gold pieces.

Inventory:

Armour
 a - a +0 animal skin (worn)
Jewellery
 j - a ring of positive energy (left hand)
Talismans
 c - a beast talisman
Scrolls
 d - 2 scrolls of identify {unknown}
 e - a scroll of poison {unknown}
 f - a scroll of teleportation {unknown}
 g - 2 scrolls of torment {unknown}
 i - a scroll of enchant armour {unknown}
 k - a scroll of immolation {unknown}
Potions
 b - a potion of lignification
 h - a potion of might {unknown}
 l - a potion of heal wounds {unknown}
 m - a potion of haste {unknown}


   Skills:
 + Level 2.5 Fighting
 + Level 2.2 Dodging
 * Level 2.8 Unarmed Combat
 * Level 3.2 Shapeshifting


You had 3 spell levels left.
You didn't know any spells.
Your spell library contained the following spells:

 Spells                   Type           Power      Damage    Failure   Level
 Dazzling Flash           Conj/Hex       0%         N/A       77%         3
 Volatile Blastmotes      Fire/Tloc      0%         2d10      77%         3
 Starburst                Conj/Fire      0%         6d3       100%        6
 Maxwell's Capacitive Co  Air            0%         ∞         100%        8


Dungeon Overview and Level Annotations

Branches:
Dungeon (3/15)

Altars:
Okawaru

Annotations:
D:3 Terence


Innate Abilities, Weirdness & Mutations

You are a hulking beast.
Your limbs bulge with bestial killing power. (Slay +2)
You sometimes gain a little power by taking damage.


Message History

The goblin hits you but does no damage.
Okay, then.
There are monsters nearby!
Found an orcbow.
Found a stone staircase leading down.
You see here a +0 orcbow.
Press: ? - help, v - describe, . - travel, g - get item Item here: a +0 orcbow.
The floor.
Unknown command.
You now have 90 gold pieces (gained 13).
Terence the Incautious comes into view.
He is wielding a +0 mace.
Terence shouts!
Terence hits you with a +0 mace.
You hit Terence.
Terence is lightly wounded.
Terence barely misses you.
You closely miss Terence.
Terence is lightly wounded.
Terence hits you with a +0 mace!
You hit Terence.
Terence is lightly wounded.
Terence closely misses you.
You hit Terence but do no damage.
Terence is lightly wounded.
Terence hits you with a +0 mace!
You hit Terence but do no damage.
Terence is lightly wounded.
Terence hits you with a +0 mace.
* * * LOW HITPOINT WARNING * * *
You hit Terence.
Terence is moderately wounded.
Terence closely misses you.
You hit Terence.
Terence is moderately wounded.
Terence closely misses you.
You hit Terence.
Terence is heavily wounded.
Terence hits you with a +0 mace!
You die...

#..# #.#
#..#####.####
#..##....)..#
#..##.......#
##..##.......#
##............#
#...#.#......##
#.@##@#.....##
#..##h#.>...#
#..##.#######
#$.##.# #..##.#
#..##.# #..##.#
#..##.# #..##.#
...


You could see Terence.

Vanquished Creatures
  Robin (D:1)
  2 adders
  2 worms (D:3)
  A dart slug (D:1)
  2 ball pythons
  2 bats (D:1)
  2 endoplasms
  2 giant cockroaches (D:1)
  10 goblins
  10 hobgoblins
  4 jackals (D:1)
  A quokka (D:1)
  3 frilled lizards
  4 kobolds (D:1)
  4 rats
50 creatures vanquished.

Notes
Turn   | Place    | Note
-------+----------+-------------------------------------------
     0 | D:1      | Gelion the Demonspawn Shapeshifter began the quest for the
                  | Orb.
     0 | D:1      | Reached XP level 1. HP: 16/16 MP: 1/1
    49 | D:1      | Gained mutation: You sometimes gain a little power by
                  | taking damage. [demonic ancestry]
    49 | D:1      | Reached XP level 2. HP: 5/22 MP: 2/2
   428 | D:1      | Reached skill level 3 in Shapeshifting
   780 | D:2      | Reached XP level 3. HP: 8/28 MP: 3/3
   892 | D:2      | Noticed Robin
  1155 | D:1      | Killed Robin
  1156 | D:1      | Reached XP level 4. HP: 15/34 MP: 4/4
  1688 | D:3      | Found an iron altar of Okawaru.
  1718 | D:3      | Noticed Terence
  1738 | D:3      | Slain by Terence

Illustrated notes

Levels and vault maps discovered:
D:1:      amcnicky_arrival_gap_in_the_tavern_cellar, layout_loops_ring
D:2:      layout_rooms, uniq_robin
D:3:      layout_loops_ring, lemuel_round_altar, kennysheep_okawaru_gauntlet,
          mainiacjoe_overflow_24_doors, nicolae_vehumet_altar_sigil,
          uniq_terence

Skill      XL: |  1  2 |
---------------+-------+-----
Unarmed Combat | 2 |  2.8
Dodging        | 2 |  2.2
Shapeshifting  | 3 |  3.2
Fighting       | |  2.5

Action                     |  1- 3 |  4- 6 || total
---------------------------+-------+-------++-------
  Melee: Unarmed           |   119 |    40 ||   159
         Punch             |     2 |     2 ||     4
   Stab: Sleeping          |     2 |       ||     2
         Distracted        |       |     1 ||     1
 Armour: Animal skin       |    22 |     7 ||    29
  Dodge: Dodged            |    91 |    17 ||   108

Table legend: (Time is in decaauts)
 A = Elapsed time spent in this place.
 B = Non-inter-level travel time spent in this place.
 C = Inter-level travel time spent in this place.
 D = Time resting spent in this place.
 E = Time spent auto-exploring this place.
 F = Levels seen in this place.
 G = Mean time per level.
                   A        B        C        D        E       F      G
               +--------+--------+--------+--------+--------+-----+--------+
         Total |   1738 |   1709 |     29 |    133 |   1156 |   3 |  579.3 |
       Dungeon |   1738 |   1709 |     29 |    133 |   1156 |   3 |  579.3 |
               +--------+--------+--------+--------+--------+-----+--------+

Top non-repeatable levels by time:
     D:1: 1116 daAuts
     D:2: 429 daAuts
     D:3: 193 daAuts
